 Dungeon Crawl Stone Soup version 0.31-a0-222-gefeffbb62a (webtiles) character file.

Game seed: 6829710202996689832

810 qw the Chopper (level 7, 0/43 HPs)
             Began as a Gargoyle Fighter on July 5, 2023.
             Slain by an orc wizard
             ... wielding a +0 dagger
              (4 damage)
             ... on level 5 of the Dungeon.
             The game lasted 00:01:55 (3293 turns).

qw the Chopper (Gargoyle Fighter)                   Turns: 3293, Time: 00:01:55

Health: 0/43       AC: 13    Str: 22    XL:     7   Next: 92%
Magic:  7/7        EV:  8    Int:  8    God:
Gold:   254        SH:  0    Dex:  9    Spells: 6/6 levels left

rFire   . . .        Y - +2 war axe
rCold   . . .        c - +0 buckler
rNeg    + . .        h - +0 chain mail
rPois   inf          (no helmet)
rElec   +            (no cloak)
rCorr   .            (no gloves)
SInv    .            (no boots)
Will    .....        g - amulet of regeneration Stlth
                     (no ring)
HPRegen 1.07/turn    (no ring)
MPRegen 0.10/turn

%: no passive effects
@: confused
A: sickness immunity, AC +4, negative energy resistance 1, electricity
resistance, torment resistance 1, petrification resistance
a: no special abilities


You were on level 5 of the Dungeon.
You visited 1 branch of the dungeon, and saw 5 of its levels.

You collected 254 gold pieces.


Innate Abilities, Weirdness & Mutations

You are immune to sickness and miasma.
Your stone body is resilient. (AC +4)
You are immune to poison.
You resist negative energy. (rN+)
You are resistant to electric shocks. (rElec)
You are resistant to unholy torment.
You are immune to petrification.


   Skills:
 + Level 4.2 Fighting
 - Level 7.6 Axes
 - Level 3.2 Armour
 - Level 1.0 Dodging
 - Level 3.2 Shields


You had 6 spell levels left.
You didn't know any spells.
Your spell library was empty.

Inventory:

Hand Weapons
 e - a +0 flail
 Y - a +2 war axe (weapon)
Armour
 c - a +0 buckler (worn)
 h - a +0 chain mail (worn)
Jewellery
 g - an amulet of regeneration (around neck)
Scrolls
 a - a scroll of identify
Potions
 b - a potion of haste
 d - a potion of might
 f - a potion of lignification {unknown}
 j - a potion of berserk rage {unknown}
 k - a potion of brilliance {unknown}
 l - a potion of enlightenment {unknown}

Dungeon Overview and Level Annotations

Branches:
Dungeon (5/15)
 Temple: D:4-7

Altars:
Uskayaw
Yredelemnul

Shops:
D:3 =


Message History

Something hits you but does no damage. x2
The orc wizard casts a spell at you. You resist with some effort.
You feel less confused. Something hits you but does no damage.
A magic dart appears from out of thin air!
The magic dart hits something!
Reactivating autopickup.
The orc barely misses you. The orc wizard barely misses you.
You closely miss the orc wizard.
The orc wizard is severely wounded.
You closely miss something. You barely miss the orc. You miss the orc wizard.
Something hits you but does no damage.
Deactivating autopickup; reactivate with Ctrl-A.
A magic dart appears from out of thin air!
The magic dart hits you. The orc hits you but does no damage.
The orc wizard hits you but does no damage.
The orc wizard gestures at you while chanting.
You resist with some effort.
You closely miss the orc wizard.
The orc wizard is severely wounded.
You slash the orc wizard! You barely miss something. You barely miss the orc.
Something hits you but does no damage. You block the orc's attack.
The orc wizard points at you and mumbles some strange words.
You are confused.
The orc wizard hits you but does no damage.
Something hits you but does no damage. x2; The orc completely misses you.
The orc wizard hits you with a +0 dagger. x2
Something hits you but does no damage. x2; The orc closely misses you.
The orc wizard hits you but does no damage.
The orc wizard hits you with a +0 dagger.
You hear some strange, mumbled words.
A puff of flame appears from out of thin air!
The puff of flame hits you but does no damage.
You hear some strange, mumbled words.
A puff of flame appears from out of thin air!
The puff of flame hits you. The orc hits you but does no damage.
The orc wizard hits you but does no damage. x2
Something hits you.
You die...

.....[... #..
..........#.#o.
........#'#.###
........#..:.. .
........###.# #.#
.....<....#.#...#
......).[S###...#
......).o{o.....#
..[...%){@o.....#
........<.......#
..........#......
.......(.........
......#..........
......#[...#.....
...$.........>...
).......###..$...
... .## #....


You could see 3 orc wizards, an adder and an orc.

Vanquished Creatures
  Grinder (D:5)
  Sigmund (D:2)
  An ogre (D:5)
  2 hounds
  A jelly (D:4)
  An orc priest (D:5)
  2 iguanas (D:5)
  3 adders
  4 gnolls (D:2)
  6 dart slugs
  16 orcs
  12 ball pythons
  13 endoplasms
  5 giant cockroaches
  7 goblins
  6 hobgoblins
  4 jackals
  2 quokkas
  8 bats
  2 frilled lizards
  7 kobolds
  9 rats
113 creatures vanquished.

Vanquished Creatures (others)
  An orc wizard (D:5)
1 creature vanquished.

Grand Total: 114 creatures vanquished

Notes
Turn   | Place    | Note
-------+----------+-------------------------------------------
     0 | D:1      | qw the Gargoyle Fighter began the quest for the Orb.
     0 | D:1      | Reached XP level 1. HP: 14/14 MP: 1/1
     0 | D:1      | 0 ||| qw: Version: 0.3-a-46-gb1f654a
     0 | D:1      | 0 ||| qw: Game counter: 1003
     0 | D:1      | 0 ||| qw: Melee chars always use a shield: true
     0 | D:1      | 0 ||| qw: God list: Okawaru
     0 | D:1      | 0 ||| qw: Allow faded altars: false
     0 | D:1      | 0 ||| qw: Do Orc after clearing Dungeon:15 true
     0 | D:1      | 0 ||| qw: Do second Lair branch before Depths: true
     0 | D:1      | 0 ||| qw: Lair rune preference: random
     0 | D:1      | 0 ||| qw: Goals: Normal, Zot:1-4, Slime:5, God:TSO, Crypt,
                  | Tomb, Abyss, Pan, Hells, Win
     0 | D:1      | 0 ||| PLANNING D:1-11
    17 | D:1      | Reached skill level 2 in Axes
    94 | D:1      | Reached XP level 2. HP: 19/19 MP: 2/2
   239 | D:1      | 239 ||| FLEEEEING.
   240 | D:1      | 240 ||| Stepping ~*~*~tactically~*~*~ (hiding).
   253 | D:1      | Reached skill level 3 in Axes
   324 | D:1      | Reached XP level 3. HP: 23/23 MP: 3/3
   361 | D:1      | 361 ||| DROPPING +0 club.
   637 | D:1      | 637 ||| READING scroll labelled UHEABI IQIRGHOO.
   638 | D:1      | 638 ||| READING scroll labelled CEGGOO WEFOACH.
   639 | D:1      | 639 ||| READING scroll labelled SURCHI UR BUCO.
   640 | D:1      | 640 ||| READING scroll labelled WUCHOT ET SURO.
   641 | D:1      | 641 ||| READING scroll labelled EXKAQA VEIMICU.
   646 | D:1      | 646 ||| READING scroll labelled CAEVEOTRENK.
   647 | D:1      | 647 ||| READING scroll labelled NIENAT DUILORY.
   687 | D:2      | 687 ||| Stepping ~*~*~tactically~*~*~ (stealth).
   747 | D:2      | 747 ||| Stepping ~*~*~tactically~*~*~ (hiding).
   755 | D:2      | Reached XP level 4. HP: 26/28 MP: 4/4
   756 | D:2      | Reached skill level 4 in Axes
   774 | D:2      | 774 ||| DROPPING +0 whip.
   845 | D:2      | Found a faded altar of an unknown god.
   855 | D:2      | Noticed Sigmund
   856 | D:2      | 856 ||| Stepping ~*~*~tactically~*~*~ (hiding).
   871 | D:2      | Killed Sigmund
   872 | D:2      | Reached skill level 5 in Axes
   872 | D:2      | Reached XP level 5. HP: 21/32 MP: 5/5
   872 | D:2      | Reached XP level 6. HP: 24/37 MP: 6/6
  1049 | D:2      | You fall into a shaft and drop 2 floors!
  1142 | D:2      | 1142 ||| READING scroll of enchant weapon.
  1142 | D:2      | 1142 ||| ENCHANTING +1 war axe.
  1572 | D:2      | 1572 ||| Stepping ~*~*~tactically~*~*~ (stealth).
  1585 | D:2      | 1585 ||| UPGRADING to amulet of the acrobat.
  1590 | D:2      | 1590 ||| UPGRADING to amulet of regeneration.
  1600 | D:2      | 1600 ||| DROPPING amulet of the acrobat.
  1876 | D:3      | Found Adeicel's Jewellery Boutique.
  1884 | D:3      | 1884 ||| SHOPLISTING +4 ring of protection (468 gold, have
                  | 194).
  1884 | D:3      | 1884 ||| SHOPLISTING amulet of reflection (390 gold, have
                  | 194).
  1884 | D:3      | 1884 ||| SHOPLISTING ring of protection from cold (325
                  | gold, have 194).
  1884 | D:3      | 1884 ||| SHOPLISTING ring of willpower (325 gold, have
                  | 194).
  2065 | D:3      | 2065 ||| Stepping ~*~*~tactically~*~*~ (hiding).
  2066 | D:3      | 2066 ||| Stepping ~*~*~tactically~*~*~ (hiding).
  2067 | D:3      | 2067 ||| Stepping ~*~*~tactically~*~*~ (hiding).
  2200 | D:3      | 2200 ||| Stepping ~*~*~tactically~*~*~ (stealth).
  2272 | D:3      | 2272 ||| Stepping ~*~*~tactically~*~*~ (stealth).
  2274 | D:3      | 2274 ||| Stepping ~*~*~tactically~*~*~ (stealth).
  2277 | D:3      | 2277 ||| Stepping ~*~*~tactically~*~*~ (stealth).
  2550 | D:3      | 2550 ||| UPGRADING to +0 chain mail.
  2560 | D:3      | 2560 ||| DROPPING +0 scale mail.
  2561 | D:3      | 2561 ||| READING scroll labelled XIS QITSEKLIRGH.
  2562 | D:3      | 2562 ||| READING scroll labelled QECOTE IHOC.
  2673 | D:4      | 2673 ||| FLEEEEING.
  2675 | D:4      | 2675 ||| Stepping ~*~*~tactically~*~*~ (hiding).
  2676 | D:4      | 2676 ||| Stepping ~*~*~tactically~*~*~ (hiding).
  2717 | D:4      | 2717 ||| Stepping ~*~*~tactically~*~*~ (stealth).
  2761 | D:4      | 2761 ||| Stepping ~*~*~tactically~*~*~ (hiding).
  2762 | D:4      | 2762 ||| Stepping ~*~*~tactically~*~*~ (hiding).
  2849 | D:4      | 2849 ||| Stepping ~*~*~tactically~*~*~ (stealth).
  2861 | D:4      | 2861 ||| Stepping ~*~*~tactically~*~*~ (hiding).
  2862 | D:4      | 2862 ||| Stepping ~*~*~tactically~*~*~ (hiding).
  2863 | D:4      | 2863 ||| Stepping ~*~*~tactically~*~*~ (hiding).
  2890 | D:4      | 2890 ||| Stepping ~*~*~tactically~*~*~ (stealth).
  2918 | D:4      | Reached skill level 6 in Axes
  3072 | D:4      | Reached skill level 1 in Dodging
  3146 | D:4      | Found a basalt altar of Yredelemnul.
  3157 | D:4      | Found a hide-covered altar of Uskayaw.
  3181 | D:4      | 3181 ||| READING scroll labelled ENLYXK APAK.
  3182 | D:4      | 3182 ||| READING 2 scrolls of identify.
  3182 | D:4      | 3182 ||| IDENTIFYING fuming puce potion
  3188 | D:5      | Entered Level 5 of the Dungeon
  3196 | D:5      | HP: 8/38 [something/puff of flame (11)]
  3198 | D:5      | Reached XP level 7. HP: 10/43 MP: 7/7
  3202 | D:5      | HP: 9/43 [something (1)]
  3202 | D:5      | Noticed Grinder
  3205 | D:5      | HP: 4/43 [Grinder/nerve-wracking pain (7)]
  3210 | D:5      | 3210 ||| FLEEEEING.
  3211 | D:5      | 3211 ||| FLEEEEING.
  3212 | D:5      | 3212 ||| STAIRDANCE
  3254 | D:5      | HP: 8/43 [Grinder/nerve-wracking pain (5)]
  3257 | D:5      | HP: 3/43 [orc/+0 flail (3)]
  3263 | D:5      | Killed Grinder
  3264 | D:5      | Reached skill level 7 in Axes
  3265 | D:5      | HP: 9/43 [orc priest/+0 short sword (2)]
  3285 | D:5      | HP: 10/43 [orc wizard/+0 dagger (1)]
  3290 | D:5      | HP: 8/43 [orc wizard/+0 dagger (3)]
  3292 | D:5      | HP: 3/43 [something/puff of flame (4)]
  3293 | D:5      | Slain by an orc wizard

Levels and vault maps discovered:
D:1:      dpeg_arrival_shrine, layout_basic
D:2:      layout_basic, nicolae_ecumenical_snake_handling, serial_bayou_pond_e,
          minmay_misc_feat_ornament, uniq_sigmund
D:3:      kb_forest_paths, layout_basic, serial_shops, nicolae_lakefront_shop
D:4:      layout_cave_pools, amethyst_overflow_temple_binary,
          nicolae_elevator_lobby_plus
D:5:      layout_rooms, minmay_temple_entry_slanted,
          minmay_a_box_with_orc_wizards_in_it, uniq_grinder

Skill      XL: |  1  2  3  4  5  6  7 |
---------------+----------------------+-----
Axes           | 2 3 5 6 7 |  7.6
Fighting       | 4 |  4.2
Dodging        | 1 |  1.0
Armour         | |  3.2
Shields        | |  3.2

Action                     |  1- 3 |  4- 6 |  7- 9 || total
---------------------------+-------+-------+-------++-------
  Melee: War axe           |    83 |   142 |    26 ||   251
  Throw: Boomerang         |       |     3 |       ||     3
    Use: Scroll            |     7 |     5 |       ||    12
 Armour: Scale mail        |    46 |    30 |       ||    76
         Chain mail        |       |    28 |    95 ||   123
  Dodge: Dodged            |    38 |    60 |    28 ||   126
  Block: Buckler           |    14 |    33 |     3 ||    50

Table legend:
 A = Non-vault XP
 B = Vault XP
 C = Vault XP percentage of total XP
 D = Non-vault monster count
 E = Vault monster count
 F = Vault count percentage of total count
                 A         B        C        D         E       F
            +---------+---------+-------+---------+---------+-------
      Total |     608 |     550 |  47.5 |     101 |      12 |  10.6
            +---------+---------+-------+---------+---------+-------
        D:1 |      51 |       0 |   0.0 |      29 |       0 |   0.0
        D:2 |      79 |     257 |  76.5 |      16 |       5 |  23.8
        D:3 |      43 |      12 |  21.8 |      22 |       6 |  21.4
        D:4 |     136 |       0 |   0.0 |      21 |       0 |   0.0
        D:5 |     299 |     281 |  48.4 |      13 |       1 |   7.1
            +---------+---------+-------+---------+---------+-------
